 Dungeon Crawl Stone Soup version 0.27-a0-1548-gf8a67e7463 (webtiles) character file.

Game seed: 188266995781332799

192928 robertstho the Executioner (level 17, -10/173 HPs)
             Began as a Minotaur Berserker on July 13, 2021.
             Was the Champion of Trog.
             Mangled by a naga warrior (15 damage)
             ... on level 2 of the Snake Pit.
             The game lasted 00:50:09 (34148 turns).

robertstho the Executioner (Minotaur Berserker)    Turns: 34148, Time: 00:50:10

Health: -10/173    AC: 25    Str: 34    XL:     17   Next: 62%
Magic:  0/16       EV:  8    Int: 12    God:    Trog [******]
Gold:   2497       SH:  0    Dex: 10    Spells: 16/16 levels left

rFire    . . .     SeeInvis .   I - +8 frozen axe "Frostbite" {freezing cloud, *Noise Fly rC+}
rCold    + + .     Faith    .   (shield currently unavailable)
rNeg     . . .     Spirit   +   X - +2 chain mail {rC+}
rPois    x         Reflect  .   Q - +2 hat
rElec    .         Harm     .   f - +0 cloak
rCorr    .         Rampage  .   K - +1 pair of gloves "Sahipepypa" {Contam Int+7}
Will     +....                  L - +0 pair of boots
Stlth    ..........             N - amulet of guardian spirit
HPRegen  0.38/turn              h - +4 ring of slaying
MPRegen  0.15/turn              H - +6 ring of strength

@: lethally poisoned (-10 -> -41), poison vulnerable, on berserk cooldown,
flying, slowed, constricted, very slow
A: horns 2, retaliatory headbutt
}: 1/15 runes: decaying
a: Renounce Religion, Berserk, Trog's Hand, Brothers in Arms


You were on level 2 of the Snake Pit.
You worshipped Trog.
Trog was exalted by your worship.
You visited 5 branches of the dungeon, and saw 29 of its levels.
You also visited: Ossuary, Ice Cave and Volcano.

You collected 3838 gold pieces.
You spent 1341 gold pieces at shops.

Inventory:

Hand Weapons
 e - a +5 battleaxe of flaming
 I - the +8 frozen axe "Frostbite" (weapon) {freezing cloud, *Noise Fly rC+}
   (Trog gifted it to you on level 5 of the Lair of Beasts)

   It has been specially enchanted to freeze those struck by it, causing extra
   injury to most foes and up to half again as much damage against particularly
   susceptible opponents.
   It can also slow down cold-blooded creatures.
   rC:        It protects you from cold.
   Fly:       It grants you flight.
   *Noise:    It may make noises in combat.
Missiles
 s - a throwing net (quivered)
Armour
 f - a +0 cloak (worn)
 K - the +1 pair of gloves "Sahipepypa" (worn) {Contam Int+7}
   (You found it in an ice cave)

   Int:       It affects your intelligence (+7).
   Contam:    It causes magical contamination when unequipped.
 L - a +0 pair of boots (worn)
 Q - a +2 hat (worn)
 V - a +0 plate armour of fire resistance
 X - a +2 chain mail of cold resistance (worn)
 Y - a +1 plate armour of poison resistance
Jewellery
 h - a +4 ring of slaying (left hand)
 j - a ring of willpower
 k - a +4 ring of protection
 l - a ring of resist corrosion
 n - a ring of see invisible
 B - a ring of willpower
 H - a +6 ring of strength (right hand)
 J - a ring of positive energy
 N - an amulet of guardian spirit (around neck)
 R - a +6 ring of strength
Wands
 w - a wand of acid (14)
 y - a wand of mindburst (81)
 O - a wand of iceblast (8)
 U - a wand of polymorph (8)
 W - a wand of digging (7)
Scrolls
 a - a scroll of fear
 c - 8 scrolls of magic mapping
 d - 5 scrolls of enchant weapon
 o - 7 scrolls of enchant armour
 q - 2 scrolls of holy word
 r - a scroll of blinking
 x - 4 scrolls of fog
 A - 10 scrolls of teleportation
 F - 4 scrolls of immolation
 G - a scroll of brand weapon
 P - 7 scrolls of identify
 T - a scroll of silence
Potions
 b - 5 potions of resistance
 g - 5 potions of curing
 i - 6 potions of attraction
 m - a potion of magic
 p - 6 potions of mutation
 v - 5 potions of might
 C - a potion of cancellation
 D - 3 potions of haste
 E - 5 potions of flight
 M - a potion of ambrosia
Miscellaneous
 t - a box of beasts
 z - a phantom mirror


   Skills:
 * Level 21.0 Fighting
 + Level 23.6 Axes
 * Level 18.2 Armour
 + Level 6.0 Dodging


You had 16 spell levels left.
You didn't know any spells.
Your spell library was empty.

Dungeon Overview and Level Annotations

Branches:
Dungeon (15/15)            Temple (0/1) D:6            Lair (6/6) D:11
  Swamp (4/4) Lair:4        Snake (2/4) Lair:3        Slime (0/5) Lair:6
    Orc (2/2) D:11            Elf (0/3) Orc:2        Depths (0/5) D:15
Ossuary (visited)           IceCv (visited)         Volcano (visited)
 Vaults: D:13-14

Altars:
Cheibriados
Dithmenos
Fedhas
Gozag
Hepliaklqana
Makhleb
Nemelex Xobeh
Qazlal
Trog
Uskayaw
Yredelemnul
Beogh

Shops:
D:10 [   D:13 :![   D:14 *   Orc:1 *   Orc:2 !*(*

Portals:
Trove: D:15 (give +2 shadow dragon scales)

Annotations:
Swamp:2 2 transporters, Voickih's ghost, adept MfGl
Orc:1 2 transporters, Kiel's ghost, journeyman DsFi


Innate Abilities, Weirdness & Mutations

You have a pair of horns on your head.
You reflexively headbutt those who attack you in melee.


Message History

* * * LOW HITPOINT WARNING * * *
You are more poisoned.
The naga warrior constricts you.
The naga ritualist is engulfed in freezing vapours.
You feel much better.
* * * LOW HITPOINT WARNING * * *
You feel extremely sick.
* * * LOW HITPOINT WARNING * * *
You are more poisoned.
* * * LOW HITPOINT WARNING * * *
You are more poisoned.
The naga warrior hits you but does no damage.
You are more poisoned.
The naga warrior constricts you. The naga ritualist barely misses you.
You furiously retaliate!
You headbutt the naga ritualist, but do no damage.
The naga warrior closely misses you. You furiously retaliate!
You headbutt the naga warrior! The naga warrior constricts you.
You feel better.
* * * LOW HITPOINT WARNING * * *
You are poisoned.
The naga ritualist mumbles some strange prayers to its god against you.
You feel yourself grow more vulnerable to poison.
The naga warrior spits poison at you. The splash of poison hits you.
You are lethally poisoned!
* * * LOW HITPOINT WARNING * * *
The naga warrior constricts you.
You feel better.
* * * LOW HITPOINT WARNING * * *
You are poisoned.
The naga ritualist's toxic aura wanes.
The naga ritualist spits poison at you.
The splash of poison hits you but does no damage.
You are lethally poisoned!
You have difficulty breathing.
* * * LOW HITPOINT WARNING * * *
You feel as though you will be slow longer.
The naga warrior hits you with a +2 trident of venom!
You die...

#.###....
#..#....
#....#
#####.#.##
#.<......###
#.#####..N)###
... #.##.).#
...##
#.####N## ....
#.# #@)# ...
#.# ##N# ##
#.# #N# #.#
..N .....
.......
.........
.........(.
#............


You could see a naga warrior, a naga ritualist (curare, catching breath) and 2
nagas.

Vanquished Creatures
  A thorn hunter (Swamp:3)
  Agnes (Snake:1)
  2 frost giants (IceCv)
  A fenstrider witch (Swamp:2)
  Louise (Snake:1)
  An orc warlord (Orc:2)
  A ghoul (Swamp:2)
  3 very ugly things
  7 bunyips
  A white draconian (IceCv)
  2 eleionomae
  A fire dragon (Volcano)
  2 boulder beetles
  2 shambling mangroves
  A naga warrior (Snake:1)
  26 hydras
  Harold (D:9)
  An ogre mage (D:15)
  A death knight (D:15)
  3 anacondas (Snake:2)
  Erica (D:9)
  A centaur warrior (D:15)
  13 alligators
  11 two-headed ogres
  5 death yaks (Lair:5)
  An orc high priest (Orc:2)
  A naga sharpshooter (Snake:2)
  2 shock serpents (Snake:1)
  2 goliath frogs
  A skeletal warrior (D:13)
  5 spriggan druids
  A glowing orange brain (D:15)
  10 swamp dragons
  An orange crystal statue (IceCv)
  2 lindwurms
  2 wolf spider zombies (D:13)
  3 bog bodies
  7 orc sorcerers
  An orc knight (Orc:1)
  2 oklob plants
  A will-o-the-wisp (Swamp:3)
  4 mana vipers
  25 ugly things
  2 manticores
  A mana viper (shapeshifter) (D:15)
  6 salamanders
  A moth of wrath (Swamp:2)
  3 cyclopes
  3 elephants (Lair:5)
  A black mamba (shapeshifter) (D:14)
  A torpor snail (Lair:3)
  16 black mambas
  3 naga magi
  A gargoyle (D:7)
  6 cane toads
  A redback zombie (D:13)
  2 kobold demonologists (D:12)
  Psyche (D:9)
  16 rime drakes
  14 komodo dragons
  2 anaconda simulacra (Lair:3)
  2 trolls
  2 tengu conjurers
  13 hornets
  19 polar bears
  6 tyrant leeches
  3 slime creatures (D:15)
  23 blink frogs
  12 spriggans
  A redback (Lair:6)
  Sigmund (D:2)
  20 wyverns
  2 dire elephant simulacra (Lair:3)
  5 wraiths
  70 yaks
  A human (shapeshifter) (D:14)
  2 fire bats (Volcano)
  8 steam dragons
  4 basilisks
  20 vampire mosquitoes
  A warg (Orc:2)
  An acid dragon (D:12)
  8 swamp worms
  Edmund (D:6)
  10 nagas
  28 water moccasins
  22 orc warriors
  3 black bears
  8 swamp drakes
  2 sky beasts
  10 ogres
  4 boggarts (D:15)
  3 necrophages
  7 centaurs
  20 wolves
  A phantom (D:5)
  2 kobold brigands
  A wyvern zombie (D:8)
  15 bullfrogs
  4 scorpions
  2 water moccasin skeletons
  32 killer bees (D:14)
  2 electric eels
  A howler monkey (D:4)
  2 centaur skeletons
  11 centaur zombies
  2 hounds
  A komodo dragon simulacrum (Lair:3)
  24 orc priests
  2 gnoll shamans
  4 jellies
  A water moccasin simulacrum (Lair:3)
  3 iron imps (D:10)
  An iguana (Lair:4)
  Terence (D:2)
  31 orc wizards
  13 hell rats
  A yak simulacrum (Lair:3)
  5 mummies
  A howler monkey zombie (D:7)
  8 adders
  12 gnolls
  A howler monkey skeleton (D:7)
  6 river rats (D:5)
  4 white imps
  2 ufetubi
  3 worms
  4 dart slugs
  70 orcs
  9 endoplasms
  5 giant cockroaches
  10 goblins
  7 hobgoblins
  17 jackals
  14 kobolds
  12 quokkas
  5 ball pythons
  4 bats
  8 frilled lizards
  4 gnoll skeletons (Ossuary)
  12 kobold skeletons (Ossuary)
  9 orc skeletons (Ossuary)
  23 rats
  2 bushes (Lair:2)
997 creatures vanquished.

Vanquished Creatures (collateral kills)
  A shambling mangrove (Swamp:4)
  The ghost of Dvallin the Nimble, a journeyman MfIE of Cheibriados (D:9)
  A hydra (Swamp:4)
  A centaur warrior (D:9)
  2 alligators (Swamp:3)
  A skeletal warrior (D:9)
  A goliath frog (Swamp:3)
  2 swamp dragons (Swamp:4)
  A spriggan druid (Swamp:3)
  An orc knight (Orc:2)
  An ugly thing (Snake:1)
  A wolf spider (Lair:6)
  A guardian serpent (Lair:6)
  A naga mage (Snake:1)
  A rime drake (Lair:6)
  A troll (Orc:2)
  2 tyrant leeches (Swamp:3)
  A redback (Lair:6)
  2 nagas (Snake:1)
  4 orc warriors (Orc:2)
  4 orc wizards (Orc:2)
  5 orcs (Orc:2)
36 creatures vanquished.

Vanquished Creatures (others)
  An alligator (Swamp:3)
  A bloated husk (Swamp:1)
  An orc wizard (Orc:1)
  4 foxfires (Swamp:3)
  85 fungi
  197 plants
289 creatures vanquished.

Grand Total: 1322 creatures vanquished

Notes
Turn   | Place    | Note
-------+----------+-------------------------------------------
     0 | D:1      | robertstho the Minotaur Berserker began the quest for the
                  | Orb.
     0 | D:1      | Reached XP level 1. HP: 19/19 MP: 0/0
    81 | D:1      | Reached XP level 2. HP: 25/27 MP: 1/1
   198 | D:1      | Found a faded altar of an unknown god.
   562 | D:1      | Reached ** piety under Trog
   570 | D:1      | Reached XP level 3. HP: 33/34 MP: 2/2
   962 | D:2      | Reached skill level 4 in Axes
  1002 | D:2      | Reached skill level 5 in Fighting
  1267 | D:2      | Reached XP level 4. HP: 41/42 MP: 3/3
  1566 | D:2      | Reached *** piety under Trog
  1643 | D:2      | Noticed Sigmund
  1652 | D:2      | Killed Sigmund
  1653 | D:2      | Reached skill level 5 in Axes
  1653 | D:2      | Reached XP level 5. HP: 47/50 MP: 4/4
  1923 | D:2      | Noticed Terence
  1926 | D:2      | Killed Terence
  1927 | D:2      | Reached XP level 6. HP: 57/57 MP: 5/5
  2082 | D:3      | Found a hazy altar of Hepliaklqana.
  2947 | D:4      | Reached skill level 6 in Axes
  2991 | D:4      | Noticed an orc warrior
  3004 | D:4      | Killed an orc warrior
  3005 | D:4      | Reached XP level 7. HP: 11/64 MP: 6/6
  3006 | D:4      | Reached **** piety under Trog
  3794 | D:4      | Reached skill level 5 in Armour
  4249 | D:5      | Entered Level 5 of the Dungeon
  4255 | D:5      | Reached skill level 7 in Axes
  4258 | D:5      | Found a snail-covered altar of Cheibriados.
  4291 | D:5      | Reached XP level 8. HP: 57/73 MP: 7/7
  4773 | D:5      | Reached skill level 8 in Axes
  5213 | D:5      | Reached ***** piety under Trog
  5403 | D:6      | Reached skill level 9 in Axes
  5770 | D:6      | Found a staircase to the Ecumenical Temple.
  5848 | D:6      | Received a gift from Trog
  5912 | D:6      | Reached XP level 9. HP: 76/82 MP: 8/8
  5959 | D:6      | Noticed Edmund
  5965 | D:6      | Killed Edmund
  6309 | D:7      | Reached skill level 10 in Axes
  6483 | D:7      | Found a sparkling altar of Nemelex Xobeh.
  6599 | D:7      | Noticed a green ugly thing
  6604 | D:7      | Killed a green ugly thing
  6650 | D:7      | Noticed a gargoyle
  6654 | D:7      | Killed a gargoyle
  6655 | D:7      | Reached skill level 11 in Axes
  6837 | D:7      | Found a stormy altar of Qazlal.
  6838 | D:7      | Found a blossoming altar of Fedhas.
  6968 | D:8      | Reached skill level 10 in Fighting
  7069 | D:8      | Found a sand-covered staircase.
  7089 | Ossuary  | Entered an ossuary
  7145 | Ossuary  | Reached XP level 10. HP: 84/93 MP: 9/9
  7669 | D:8      | Identified a scroll of acquirement
  7673 | D:8      | Acquired a manual of Axes
  7707 | D:9      | Noticed a two-headed ogre
  7715 | D:9      | Killed a two-headed ogre
  7716 | D:9      | Reached skill level 12 in Axes
  7934 | D:9      | Paralysed by a hornet for 3 turns
  8237 | D:9      | Noticed Harold
  8246 | D:9      | Killed Harold
  8247 | D:9      | Reached skill level 13 in Axes
  8247 | D:9      | Reached skill level 10 in Armour
  8296 | D:9      | Noticed a +0 hand axe
  8297 | D:9      | Noticed a +0 dagger
  8534 | D:9      | Found the +10 Black Knight's barding {ponderous, rPois rN+}
  8534 | D:9      | Noticed Psyche
  8538 | D:9      | Killed Psyche
  8549 | D:9      | Noticed Erica
  8565 | D:9      | Reached skill level 14 in Axes
  8571 | D:9      | Reached XP level 11. HP: 20/102 MP: 10/10
  8571 | D:9      | Killed Erica
  8910 | D:9      | Found a hide-covered altar of Uskayaw.
  9023 | D:9      | Found a runed translucent gate.
  9025 | D:9      | Found a runed translucent gate.
  9040 | D:9      | Found a runed translucent gate.
  9041 | D:9      | Found an opulent altar of Gozag.
  9044 | D:9      | Noticed Dvallin's ghost (journeyman MfIE)
  9045 | D:9      | Noticed a centaur warrior
  9079 | D:9      | Noticed a skeletal warrior
  9226 | D:9      | Received a gift from Trog
  9572 | D:10     | Entered Level 10 of the Dungeon
  9572 | D:10     | Noticed a two-headed ogre
  9572 | D:10     | Found Inwetinu's Armour Emporium.
  9579 | D:10     | Killed a two-headed ogre
  9580 | D:10     | Reached skill level 15 in Axes
  9623 | D:9      | Killed a skeletal warrior
  9624 | D:9      | Killed a centaur warrior
  9635 | D:9      | Killed Dvallin's ghost
  9816 | D:10     | Noticed a two-headed ogre
  9823 | D:10     | Killed a two-headed ogre
  9824 | D:10     | Reached skill level 16 in Axes
 10065 | D:10     | Found a burning altar of Makhleb.
 10525 | D:11     | Noticed a five-headed hydra
 10526 | D:11     | Found a staircase to the Lair.
 10548 | D:11     | Killed a three-headed hydra
 10558 | D:11     | Reached skill level 17 in Axes
 10607 | D:11     | Reached XP level 12. HP: 111/113 MP: 11/11
 10683 | D:11     | Found a shadowy altar of Dithmenos.
 10940 | D:11     | Noticed an eight-headed hydra
 10943 | D:11     | Killed a six-headed hydra
 11107 | D:11     | Found a staircase to the Orcish Mines.
 11348 | D:11     | Reached ****** piety under Trog
 11445 | D:12     | Received a gift from Trog
 12211 | D:12     | Noticed a four-headed hydra
 12216 | D:12     | Killed a three-headed hydra
 12519 | D:13     | Noticed a two-headed ogre
 12523 | D:13     | Killed a two-headed ogre
 12524 | D:13     | Reached skill level 18 in Axes
 12830 | D:13     | Reached skill level 5 in Dodging
 13026 | D:13     | Found Uty Wer's Book Shop.
 13039 | D:13     | Found Fazaj's Distillery.
 13383 | D:13     | Found Bemetho's Antique Armour Shoppe.
 13914 | D:14     | Noticed a two-headed ogre
 13918 | D:14     | Killed a two-headed ogre
 13999 | D:14     | Noticed a centaur warrior
 14000 | D:14     | Noticed a centaur warrior
 14000 | D:14     | Noticed a centaur warrior
 14021 | D:14     | Reached XP level 13. HP: 124/124 MP: 12/12
 14677 | D:14     | Found Zyssukk's Assorted Antiques.
 14680 | D:14     | Bought a fuming purple potion for 27 gold pieces
 14680 | D:14     | Bought a scroll of identify for 62 gold pieces
 14680 | D:14     | Bought a scroll labelled SEKLUT MEKHLY for 31 gold pieces
 14722 | D:15     | Entered Level 15 of the Dungeon
 15291 | D:15     | Received a gift from Trog
 15412 | D:15     | Reached skill level 19 in Axes
 15711 | D:15     | Found a portal to a secret trove of treasure.
 15778 | D:15     | Reached skill level 15 in Fighting
 15953 | D:15     | Noticed a purple very ugly thing
 15954 | D:15     | Noticed a cyan very ugly thing
 15958 | D:15     | Killed a cyan very ugly thing
 15964 | D:15     | Killed a green very ugly thing
 16303 | D:15     | Found a staircase to the Depths.
 16626 | Orc:1    | Entered Level 1 of the Orcish Mines
 16817 | Orc:1    | Noticed Kiel's ghost (journeyman DsFi)
 16821 | Orc:1    | Found a bloodstained altar of Trog.
 16821 | Orc:1    | Found a transporter.
 16837 | Orc:1    | Found Mommedets's General Store.
 16838 | Orc:1    | Found a transporter.
 16849 | Orc:1    | Bought a potion of ambrosia for 104 gold pieces
 16849 | Orc:1    | Bought a wand of iceblast (8) for 156 gold pieces
 17380 | Orc:2    | Entered Level 2 of the Orcish Mines
 17420 | Orc:2    | Noticed an orc warlord
 17424 | Orc:2    | Received a gift from Trog
 17430 | Orc:2    | Reached XP level 14. HP: 125/137 MP: 9/13
 17449 | Orc:2    | Killed an orc warlord
 17840 | Orc:2    | Found a staircase to the Elven Halls.
 18217 | Orc:2    | Found Osiepiest's General Store.
 18217 | Orc:2    | Found Fesoef's Weapon Shop.
 18218 | Orc:2    | Found Equsyuz's Distillery.
 18222 | Orc:2    | Found Kustrah's General Store.
 18225 | Orc:2    | Bought a potion of brilliance for 48 gold pieces
 18225 | Orc:2    | Bought a potion of lignification for 36 gold pieces
 18233 | Orc:2    | Bought a potion of invisibility for 120 gold pieces
 18233 | Orc:2    | Bought a potion of resistance for 150 gold pieces
 18233 | Orc:2    | Bought a potion of magic for 120 gold pieces
 18233 | Orc:2    | Bought a potion of degeneration for 15 gold pieces
 18233 | Orc:2    | Bought a potion of attraction for 45 gold pieces
 18233 | Orc:2    | Bought a potion of heal wounds for 75 gold pieces
 18432 | Lair:1   | Entered Level 1 of the Lair of Beasts
 18454 | Lair:1   | Reached skill level 20 in Axes
 18789 | Lair:1   | Found a dark tunnel.
 19010 | Volcano  | Entered a volcano
 19043 | Volcano  | Received a gift from Trog
 21581 | Lair:3   | You fall into a shaft and drop 2 floors!
 21850 | Lair:5   | Reached skill level 15 in Armour
 21851 | Lair:5   | Received a gift from Trog
 21852 | Lair:5   | Found the +8 frozen axe "Frostbite" {freezing cloud, *Noise
                  | Fly rC+}
 21875 | Lair:5   | Reached XP level 15. HP: 78/147 MP: 8/14
 22556 | Lair:5   | Reached skill level 21 in Axes
 23115 | Lair:4   | Found a staircase to the Swamp.
 23632 | Lair:6   | Entered Level 6 of the Lair of Beasts
 23821 | Lair:6   | Found a basalt altar of Yredelemnul.
 23959 | Lair:6   | Received a gift from Trog
 25008 | Lair:6   | Found a staircase to the Slime Pits.
 25911 | Lair:3   | Found a staircase to the Snake Pit.
 26299 | Lair:3   | Found a transporter.
 26448 | Lair:3   | Found a transporter.
 26985 | Orc:2    | Bought a +1 plate armour of poison resistance for 352 gold
                  | pieces
 27218 | Swamp:1  | Entered Level 1 of the Swamp
 27244 | Swamp:1  | Received a gift from Trog
 27255 | Swamp:1  | Reached skill level 22 in Axes
 27990 | Swamp:2  | Reached XP level 16. HP: 149/159 MP: 15/15
 28351 | Swamp:2  | Found a transporter.
 28367 | Swamp:2  | Found a transporter.
 28367 | Swamp:2  | Noticed Voickih's ghost (adept MfGl)
 29511 | Swamp:3  | Received a gift from Trog
 29523 | Swamp:3  | HP: 2/160 [acid (7)]
 29537 | Swamp:3  | HP: 7/241 [tyrant leech[a spriggan druid] (12)]
 30046 | Swamp:3  | Noticed a thorn hunter
 30054 | Swamp:3  | Killed a thorn hunter
 30262 | Swamp:4  | Entered Level 4 of the Swamp
 30690 | Swamp:4  | Acquired 522 gold pieces
 31254 | Swamp:4  | Identified the +1 leather armour of Lethargy {rF+ rN+}
 31339 | Swamp:4  | Got a decaying rune of Zot
 31523 | Snake:1  | Entered Level 1 of the Snake Pit
 31538 | Snake:1  | Found a frozen archway.
 31545 | Snake:1  | Reached XP level 17. HP: 103/170 MP: 9/16
 31548 | Snake:1  | Reached skill level 23 in Axes
 31589 | IceCv    | Entered an ice cave
 32599 | IceCv    | Received a gift from Trog
 32752 | IceCv    | Identified the +1 pair of gloves "Sahipepypa" {Contam
                  | Int+7}
 32832 | Snake:1  | Noticed Agnes
 32836 | Snake:1  | Killed Agnes
 33153 | Snake:1  | Noticed Louise
 33162 | Snake:1  | Killed Louise
 34144 | Snake:2  | HP: 8/173 [naga warrior (16)]
 34145 | Snake:2  | HP: 3/173 [naga warrior (1)]
 34148 | Snake:2  | Mangled by a naga warrior

Illustrated notes

Levels and vault maps discovered:
D:1:      giann_forest_graveyard, layout_loops_ring,
          shapermc_ecumenical_altar_notcrosses
D:2:      minmay_inner_zag, layout_loops_ring, minmay_between, uniq_sigmund,
          uniq_terence
D:3:      layout_basic, mainiacjoe_overflow_paths, kennysheep_orc_chapel
D:4:      layout_layer_cave
D:5:      lemuel_ratsnest, layout_gridville, kennysheep_slug_shrine,
          chequers_serial_rivers_small_3
D:6:      layout_basic, minmay_temple_entry_antechambers, corexii_shack,
          uniq_edmund
D:7:      layout_rooms, grunt_temple_overflow_forces_of_nature,
          general_overflow_altar, minmay_increasing_density
D:8:      layout_rooms, enter_ossuary_1
D:9:      layout_basic, dancing_weapons_uskayaw, special_room
          [special_room_orc], ebering_ghost_gozag, uniq_harold, uniq_psyche,
          uniq_erica
D:10:     layout_rooms, demons_altar, serial_shops, nicolae_stop_n_shop_1
D:11:     layout_roguey, due_lair_maze_entry_diamond, orc_0_dummy,
          roderic_serpentine_path, nicolae_dithmenos_the_darkroom
D:12:     layout_basic, minivault_26
D:13:     layout_stronghold, serial_undead, serial_undead_b, serial_undead_a,
          serial_undead_a, serial_undead_a, serial_shops, shop, shop,
          nicolae_take_the_stairs, kennysheep_another_room
D:14:     wad_woods_minihive, layout_basic, lightli_vaults_fourway_checkpoint,
          serial_shops, shop, grunt_decor_one_mirror, chequers_arboretum,
          minmay_ruined_shrine
D:15:     gammafunk_enter_depths_forms, layout_irregular_city,
          nicolae_trove_entry_crystal
Lair:1:   layout_cave_pods, enter_volcano_4, minivault_25, serial_bayou_shore_a
Lair:2:   layout_regular_city, minmay_lair_oklob_items, grunt_megastairs_5
Lair:3:   gammafunk_cloud_chamber, layout_loops_ring,
          minmay_snake_entry_guardpost_small, special_room,
          grunt_forest_stairs_clearing, grunt_megastairs_1
Lair:4:   layout_hall_layers, palyth_hydra_swamp_entry, grunt_megastairs_2,
          lemuel_fruit_tree
Lair:5:   layout_gridlike, infiniplex_staircase_pool, grunt_megastairs_3
Lair:6:   hangedman_lair_tendril_chambers, layout_long_grid,
          minmay_slime_entry_oklob_enclosed, basic_altar, serial_bayou_lagoon_a
Swamp:1:  layout_basic_swamp, evilmike_swamp_ruin_house_1, swamp_pool3
Swamp:2:  layout_basic_swamp, gammafunk_ghost_berserking_beasts,
          evilmike_swamp_ruin_house_2, swamp_pool1,
          nicolae_swamp_frolicking_bunyips
Swamp:3:  layout_falls_marsh, nicolae_swamp_well_well_well
Swamp:4:  swamp, layout_basic_swamp, swamp_pool4,
          nicolae_swamp_orc_logging_accident
Snake:1:  layout_gridlike, portal_ice_cave_entry_ugly_swarm,
          serial_bayou_pond_d, nrook_loot_triangle, uniq_agnes, uniq_louise
Snake:2:  layout_rooms
Orc:1:    nicolae_orc_accident_2, layout_caves,
          gammafunk_ghost_wrathful_warriors, serial_shops, shop, mines2_lemuel
Orc:2:    st_orc_mages, layout_caves

Skill      XL: |  1  2  3  4  5  6  7  8  9 10 11 12 13 14 15 16 17 |
---------------+----------------------------------------------------+-----
Fighting       | 4 5 6 7 8 10 11 12 14 16 17 18 20 21 | 21.0
Axes           | 4 5 6 7 9 11 14 17 18 19 20 22 23 | 23.6
Armour         | 3 4 6 7 9 10 12 13 14 15 16 17 18 | 18.2
Dodging        | 3 4 5 6 |  6.0

Action                   |  1- 3 |  4- 6 |  7- 9 | 10-12 | 13-15 | 16-18 || total
-------------------------+-------+-------+-------+-------+-------+-------++-------
Melee: Hand axe          |    82 |    87 |     2 |       |       |       ||   171
       Headbutt          |    13 |    14 |    39 |    79 |   152 |    78 ||   375
       Battleaxe         |       |       |   155 |       |   227 |       ||   382
       Executioner's axe |       |       |    64 |   304 |   476 |   338 ||  1182
Invok: Berserk           |       |     3 |     2 |    10 |     7 |     7 ||    29
       Brothers in Arms  |       |       |       |     2 |     4 |     4 ||    10
       Trog's Hand       |       |       |       |       |     2 |     2 ||     4
Evoke: Wand              |       |       |       |     1 |       |       ||     1
  Use: Scroll            |       |     3 |     4 |     6 |    12 |     6 ||    31
       Potion            |       |       |       |     1 |     2 |    10 ||    13
 Stab: Sleeping          |     2 |       |       |       |       |       ||     2
       Invisible         |       |       |       |       |       |     1 ||     1
       Distracted        |       |       |       |       |       |     1 ||     1
Armor: Animal skin       |    19 |     9 |       |       |       |       ||    28
       Chain mail        |       |    39 |     1 |       |       |    39 ||    79
       Plate armour      |       |       |   206 |    30 |   257 |   187 ||   680
       Scale mail        |       |       |       |   151 |   128 |       ||   279
       Skin              |       |       |       |       |     1 |       ||     1
Dodge: Dodged            |    50 |    33 |   105 |   195 |   374 |   204 ||   961

Table legend: (Time is in decaauts)
 A = Elapsed time spent in this place.
 B = Non-inter-level travel time spent in this place.
 C = Inter-level travel time spent in this place.
 D = Time resting spent in this place.
 E = Time spent auto-exploring this place.
 F = Levels seen in this place.
 G = Mean time per level.
                   A        B        C        D        E       F      G
               +--------+--------+--------+--------+--------+-----+--------+
         Total |  34464 |  32504 |   1960 |   3178 |  24812 |  32 | 1077.0 |
       Dungeon |  17143 |  16109 |   1034 |   1540 |  12441 |  15 | 1142.9 |
          Lair |   7702 |   7132 |    570 |    201 |   6066 |   6 | 1283.7 |
         Swamp |   4284 |   4120 |    164 |    946 |   2613 |   4 | 1071.0 |
     Snake Pit |   1412 |   1366 |     46 |      0 |   1172 |   2 |  706.0 |
  Orcish Mines |   1781 |   1637 |    144 |     56 |   1279 |   2 |  890.5 |
       Ossuary |    191 |    191 |      0 |      0 |     98 |   1 |  191.0 |
      Ice Cave |   1202 |   1202 |      0 |    402 |    609 |   1 | 1202.0 |
       Volcano |    744 |    744 |      0 |     32 |    532 |   1 |  744.0 |
               +--------+--------+--------+--------+--------+-----+--------+

Top non-repeatable levels by time:
     D:9: 2067 daAuts
  Lair:6: 1894 daAuts
    D:15: 1779 daAuts
    D:13: 1452 daAuts
     D:4: 1450 daAuts
 Swamp:1: 1444 daAuts
 Snake:1: 1360 daAuts
  Lair:2: 1251 daAuts
    D:11: 1248 daAuts
  Lair:3: 1212 daAuts
   IceCv: 1202 daAuts
  Lair:1: 1183 daAuts
 Swamp:3: 1176 daAuts
     D:5: 1156 daAuts
    D:12: 1130 daAuts
